 Dungeon Crawl Stone Soup version 0.30.0-5-g1a98f26d00 (webtiles) character file.

Game seed: 18099382132420881207

670 adizb the Trooper (level 7, -1/66 HPs)
             Began as a Hill Orc Fighter on May 11, 2023.
             Killed from afar by an acid dragon (19 damage)
             ... with a splash of acid
             ... on level 5 of the Dungeon.
             The game lasted 00:18:58 (3199 turns).

adizb the Trooper (Hill Orc Fighter)                Turns: 3199, Time: 00:18:59

Health: -1/66      AC:  8    Str: 21    XL:     7   Next: 58%
Magic:  7/7        EV:  8    Int:  8    God:
Gold:   254        SH:  5    Dex: 10    Spells: 6/6 levels left

rFire   . . .        a - +1 trident
rCold   . . .        c - +0 buckler
rNeg    . . .        m - +0 chain mail
rPois   .            l - +1 helmet
rElec   .            (no cloak)
rCorr   .            (no gloves)
SInv    .            (no boots)
Will    .....        (no amulet) Stlth
                     (no ring)
HPRegen 0.31/turn    (no ring)
MPRegen 0.10/turn

%: no passive effects
@: corroded, studying Polearms
A: no striking features
a: no special abilities


You were on level 5 of the Dungeon.
You visited 1 branch of the dungeon, and saw 5 of its levels.

You collected 254 gold pieces.

Inventory:

Hand Weapons
 a - a +1 trident (weapon)
 t - the +0 hand axe of Attainder {protect, Fly rF+ Dex-2}
   (You found it on level 2 of the Dungeon)

   Dex:       It affects your dexterity (-2).
   rF:        It protects you from fire.
   Fly:       It grants you flight.
Armour
 c - a +0 buckler (worn)
 l - a +1 helmet (worn)
 m - a +0 chain mail (worn)
Wands
 b - a wand of charming (7)
 d - a wand of flame (17)
 j - a wand of roots (5)
Scrolls
 h - a scroll of magic mapping
 n - a scroll of enchant armour
 r - a scroll of teleportation
Potions
 e - 3 potions of flight {unknown}
 f - a potion of curing
 g - a potion of attraction {unknown}
 i - a potion of resistance
 k - a potion of berserk rage {unknown}
 o - a potion of heal wounds {unknown}
 q - a potion of ambrosia {unknown}
 s - a potion of degeneration {unknown}


   Skills:
 * Level 7.0 Fighting
 * Level 5.0 Polearms
 + Level 5.1 Armour
 + Level 5.0 Shields


You had 6 spell levels left.
You didn't know any spells.
Your spell library contained the following spells:

 Spells                   Type           Power      Damage    Failure   Level
 Apportation              Tloc           0%         N/A       98%         1
 Call Canine Familiar     Summ           0%         N/A       100%        3
 Portal Projectile        Hex/Tloc       0%         N/A       100%        3
 Leda's Liquefaction      Hex/Erth       0%         N/A       100%        4
 Alistair's Intoxication  Tmut/Pois      0%         N/A       100%        5


Dungeon Overview and Level Annotations

Branches:
Dungeon (5/15)
 Temple: D:4-7

Altars:

Shops:
D:5 (=(

Annotations:
D:5 Blork the orc, Dowan, Duvessa


Message History

You hit the jelly.
Your hands burn!
The jelly is heavily wounded.
The jelly hits you.
You are splashed with acid.
You puncture the jelly!
You kill the jelly!
Your Fighting skill increases to level 7!
Your Polearms skill increases to level 5!
Your Shields skill increases to level 5!
You hit the acid dragon.
The acid dragon is lightly wounded.
The acid dragon bites you but does no damage.
The acid dragon claws you but does no damage.
You hit the acid dragon.
The acid dragon is lightly wounded.
The acid dragon spits acid at you. The splash of acid hits you!!
The acid corrodes you!
You hear a howl!
You barely miss the acid dragon.
The acid dragon is lightly wounded.
The acid dragon bites you.
* * * LOW HITPOINT WARNING * * *
The acid dragon barely misses you.
Okay, then.
You feel better.
The acid dragon bites you but does no damage.
The acid dragon barely misses you.
You barely miss the acid dragon.
The acid dragon is lightly wounded.
The acid dragon bites you! The acid dragon completely misses you.
You closely miss the acid dragon.
The acid dragon is lightly wounded.
The acid dragon bites you.
* * * LOW HITPOINT WARNING * * *
The acid dragon claws you.
* * * LOW HITPOINT WARNING * * *
You barely miss the acid dragon.
The acid dragon is lightly wounded.
The acid dragon spits acid at you. The splash of acid hits you!!
You die...

### ## #.# ...## #.#
..... ##.## ...# .
####.D.#####..#
....##....#@.......##
.....J...####.......##
# ........##
##.......#.. ..##....#
#.......... #....#
##........# #.....#
#.......## #.>....
#........# ........
#..#####.. ........
##..#


You could see an acid dragon (catching breath).

Vanquished Creatures
  Sigmund (D:2)
  A phantom (D:4)
  2 scorpions (D:4)
  A jelly (D:5)
  2 orc priests (D:5)
  A hound (D:4)
  Ijyb (D:5)
  An orc wizard (D:4)
  Terence (D:2)
  Robin (D:2)
  3 adders
  An ufetubus (D:4)
  A dart slug (D:3)
  10 orcs
  6 ball pythons
  4 bats
  2 endoplasms
  A giant cockroach (D:4)
  11 hobgoblins
  5 kobolds
  2 quokkas
  A frilled lizard (D:3)
  17 goblins
  7 rats
83 creatures vanquished.

Notes
Turn   | Place    | Note
-------+----------+-------------------------------------------
     0 | D:1      | adizb the Hill Orc Fighter began the quest for the Orb.
     0 | D:1      | Reached XP level 1. HP: 19/19 MP: 1/1
   447 | D:1      | Reached XP level 2. HP: 27/27 MP: 2/2
   747 | D:2      | Noticed Robin
   759 | D:2      | Reached skill level 4 in Fighting
   943 | D:2      | Killed Robin
   944 | D:2      | Reached XP level 3. HP: 7/33 MP: 3/3
  1048 | D:2      | Noticed Sigmund
  1057 | D:2      | Killed Sigmund
  1058 | D:2      | Reached skill level 5 in Fighting
  1058 | D:2      | Reached XP level 4. HP: 32/42 MP: 4/4
  1058 | D:2      | Reached XP level 5. HP: 36/48 MP: 5/5
  1330 | D:2      | Noticed Terence
  1347 | D:2      | Killed Terence
  1418 | D:2      | Reached XP level 6. HP: 53/57 MP: 6/6
  1529 | D:2      | Identified the +0 hand axe of Attainder {protect, Fly rF+
                  | Dex-2}
  2335 | D:4      | Reached skill level 6 in Fighting
  2656 | D:4      | Reached XP level 7. HP: 50/64 MP: 7/7
  2720 | D:4      | Identified a scroll of acquirement
  2723 | D:4      | Acquired a manual of Polearms
  2872 | D:5      | Entered Level 5 of the Dungeon
  2872 | D:5      | Noticed Duvessa
  2872 | D:5      | Noticed Dowan
  2883 | D:4      | Reached skill level 5 in Armour
  2942 | D:5      | Found Ukuwn's Weapon Emporium.
  2962 | D:5      | Found Aruiteun's Weapon Shop.
  2966 | D:5      | Noticed Ijyb
  2986 | D:5      | Killed Ijyb
  3040 | D:5      | Noticed Blork the orc
  3080 | D:5      | Found Cyseot's Jewellery Emporium.
  3193 | D:5      | Reached skill level 7 in Fighting
  3193 | D:5      | Reached skill level 5 in Polearms
  3193 | D:5      | Reached skill level 5 in Shields
  3199 | D:5      | Killed from afar by an acid dragon

Illustrated notes

Levels and vault maps discovered:
D:1:      kilobyte_arrival_exit_the_forest, layout_loops_ring
D:2:      layout_loops_ring, minmay_tiny_reverse_x, uniq_terence, uniq_robin,
          uniq_sigmund
D:3:      layout_loops_ring, dreamdust_mushroom_princess
D:4:      layout_loops_ring, minmay_goblin_kobold_house
D:5:      layout_layer_cave, serial_shops, shop, nicolae_shop_crystal,
          nicolae_shop_tiny_waterfront, nicolae_shop_hallway_stairs, shop,
          sigmund_army, uniq_blork_the_orc, uniq_ijyb, uniq_duvessa

Skill      XL: |  1  2  3  4  5  6  7 |
---------------+----------------------+-----
Fighting       | 4 5 6 7 |  7.0
Polearms       | 3 4 5 |  5.0
Armour         | 4 5 |  5.1
Shields        | 4 5 |  5.0

Action                     |  1- 3 |  4- 6 |  7- 9 || total
---------------------------+-------+-------+-------++-------
  Melee: Trident           |    67 |   179 |    64 ||   310
    Use: Potion            |     2 |       |     2 ||     4
         Scroll            |     1 |     7 |     5 ||    13
 Armour: Scale mail        |    30 |       |       ||    30
         Chain mail        |       |    81 |    44 ||   125
  Dodge: Dodged            |    32 |    38 |    24 ||    94
  Block: Buckler           |    19 |    28 |    13 ||    60
